 Dungeon Crawl Stone Soup version 0.28.0-53-g5a82cb258f (webtiles) character file.

Game seed: 8645539777878660504

16299 Tirrikindir the Grappler (level 12, 0/119 HPs)
             Began as a Troll Fighter on Aug 5, 2022.
             Was a Priest of Trog.
             Slain by a troll (2 damage)
             ... on level 11 of the Dungeon.
             The game lasted 00:33:55 (9454 turns).

Tirrikindir the Grappler (Troll Fighter)            Turns: 9454, Time: 00:33:55

Health: 0/119      AC:  6    Str: 27    XL:     12   Next: 8%
Magic:  11/11      EV: 16    Int:  4    God:    Trog [***...]
Gold:   703        SH: 11    Dex: 19    Spells: 11/11 levels left

rFire   + . .      SeeInvis .     - Unarmed
rCold   . . .      Faith    .   b - +1 kite shield
rNeg    + . .      Spirit   .   y - +2 robe {rF+}
rPois   .          Reflect  .   (helmet restricted)
rElec   .          Harm     .   (no cloak)
rCorr   .          Rampage  .   (gloves unavailable)
Will    .....                   (boots unavailable)
Stlth   +++.......              (no amulet)
HPRegen 1.09/turn               h - ring of Roni {rN+ EV+4}
MPRegen 0.12/turn               o - +6 ring of dexterity

@: about to teleport, on berserk cooldown, slowed, very slow
A: large, unfitting armour, claws 3, regeneration 1, shaggy fur 1, tough skin 1
a: Renounce Religion, Berserk, Trog's Hand


You were on level 11 of the Dungeon.
You worshipped Trog.
Trog was most pleased with you.
You visited 2 branches of the dungeon, and saw 12 of its levels.

You collected 703 gold pieces.

Inventory:

Hand Weapons
 u - a +4 morningstar
 z - a +8 giant club
Missiles
 f - 42 poisoned darts (quivered)
Armour
 b - a +1 kite shield (worn)
 y - a +2 robe of fire resistance (worn)
Jewellery
 h - the ring of Roni (left claw) {rN+ EV+4}
   (You found it on level 4 of the Dungeon)

   [ring of evasion]

   EV:        It affects your evasion (+4).
   rN:        It protects you from negative energy.
 k - a ring of see invisible
 o - a +6 ring of dexterity (right claw)
 B - a +6 ring of intelligence
Wands
 a - a wand of iceblast (4)
 c - a wand of flame (25)
 w - a wand of polymorph (10)
Scrolls
 d - 3 scrolls of teleportation
 g - 3 scrolls of torment
 i - 2 scrolls of immolation
 j - a scroll of summoning
 v - a scroll of enchant armour
 x - a scroll of brand weapon {unknown}
 C - a scroll of vulnerability {unknown}
Potions
 e - a potion of haste {unknown}
 l - a potion of resistance
 n - 2 potions of degeneration {unknown}
 p - 4 potions of curing
 q - a potion of cancellation
 r - a potion of mutation {unknown}
 t - 2 potions of lignification
Miscellaneous
 A - a tin of tremorstones (2/2)


   Skills:
 * Level 7.9 Fighting
 - Level 4.0 Armour
 * Level 6.4 Dodging
 * Level 4.3 Stealth
 * Level 6.4 Shields
 + Level 10.8 Unarmed Combat
 + Level 4.3 Evocations


You had 11 spell levels left.
You didn't know any spells.
Your spell library contained the following spells:

 Spells                   Type           Power      Damage    Failure   Level
 Animate Skeleton         Necr           0%         N/A       77%         1
 Apportation              Tloc           0%         N/A       77%         1
 Summon Small Mammal      Summ           0%         N/A       77%         1


Dungeon Overview and Level Annotations

Branches:
Dungeon (11/15)            Temple (1/1) D:7            Lair (0/6) D:11
    Orc (0/2) D:11

Altars:
Ashenzari
Cheibriados
Dithmenos
Elyvilon
Fedhas
Gozag
Hepliaklqana
Kikubaaqudgha
Makhleb
Nemelex Xobeh
Okawaru
Qazlal
Ru
Sif Muna
Trog
Uskayaw
Vehumet
Wu Jian
Xom
Yredelemnul
Zin
The Shining One
Ignis

Shops:
D:1 [   D:5 =   D:6 (

Annotations:
D:9 2 transporters, exclusion: oklob plant, Lance11888's ghost, novice HOFi


Innate Abilities, Weirdness & Mutations

You are too large for most types of armour.
You have claws for hands.
Your natural rate of healing is unusually fast.
You are covered in fur. (AC +1)
You have tough skin. (AC +1)


Message History

The troll closely misses you.
Okay, then.
Your skin crawls.
You feel strong-willed.
You feel very sick.
You block the killer bee's attack. x2; You block the troll's attack.
The troll closely misses you. The troll claws you!
* * * LOW HITPOINT WARNING * * *
The killer bee stings you but does no damage.
You feel very sick. The killer bee closely misses you.
You block the killer bee's attack.
You feel the effects of Trog's Hand fading.
You feel sick. You block the killer bee's attack.
A wraith comes into view.
The killer bee misses you.
You feel sick.
The killer bee stings you but does no damage.
You block the killer bee's attack.
You feel sick. The killer bee closely misses you.
The killer bee barely misses you.
You feel sick.
You are no longer poisoned.
You block the killer bee's attack. The wraith closely misses you.
You block the killer bee's attack. You block the troll's attack.
The troll completely misses you. The troll closely misses you.
Your skin stops crawling.
You feel less strong-willed. The killer bee stings you.
* * * LOW HITPOINT WARNING * * *
You block the wraith's attack. The killer bee stings you!
* * * LOW HITPOINT WARNING * * *
The wraith hits you!
* * * LOW HITPOINT WARNING * * *
The wraith drains your vigour!
You feel as though you will be slow longer.
As you read the scroll of teleportation, it crumbles to dust.
You feel strangely unstable. The killer bee stings you!
* * * LOW HITPOINT WARNING * * *
The killer bee closely misses you. You block the wraith's attack.
The killer bee misses you. The troll bites you.
You die...

,,,,,,>,,,,.[.,*,,,,,**,,,**
,,,,,,,,,,,,...*#+####*#####
*,,,,,,,,,,,#..##....##....#
**,,,,!..,,*#..##.....#....#
****,,...####..##.....#....#
,,,,,,.#.............#*...#*
,,,,,,...............##...##
,,,,,,...........W....'†...#
≈≈≈≈≈≈≈≈≈≈≈≈≈...@y....#†...#
≈≈≈≈≈≈≈≈≈≈≈≈≈..##T...##....#
*******####≈≈..#######*....#
,,,,,,,,≈,#≈≈..# *#####
,,,,,,,,**#≈≈..#
,,,,,,,,,>#≈≈..#
,,,,,,,,**#≈≈..#
,,,,,,,,≈,#≈≈..#
******#####≈≈..#


You could see a troll, a wraith and a killer bee.

Vanquished Creatures
  A boulder beetle (D:11)
  Erolcha (D:10)
  4 two-headed ogres
  Pikel (D:9)
  A cyclops (D:10)
  A komodo dragon (D:6)
  4 kobold demonologists (D:10)
  2 tengu conjurers (D:11)
  4 trolls
  Grinder (D:5)
  10 yaks (D:9)
  2 humans (D:7)
  2 shadows (D:10)
  3 wraiths
  Eustachio (D:5)
  3 wyverns
  Grum (D:9)
  4 vampire mosquitoes (D:11)
  Menkaure (D:7)
  Duvessa (D:6)
  An ice beast (D:7)
  2 black bears
  2 orc warriors
  2 ogres (D:6)
  12 centaurs
  4 wolves (D:9)
  A lemure (D:9)
  4 kobold brigands
  2 bullfrogs
  A wyvern zombie (D:5)
  A scorpion (D:5)
  A wyvern skeleton (D:7)
  Dowan (D:6)
  11 killer bees
  8 wights
  2 howler monkeys
  An electric eel (D:11)
  A bullfrog zombie (D:3)
  5 centaur zombies
  2 hounds
  4 orc priests
  3 bullfrog skeletons
  2 jellies (D:6)
  A centaur skeleton (D:3)
  4 iguanas
  8 orc wizards
  Terence (D:2)
  A killer bee zombie (D:7)
  A howler monkey zombie (D:7)
  10 adders
  2 shadow imps (D:7)
  2 white imps
  2 worms
  39 orcs
  2 endoplasms (D:3)
  4 giant cockroaches
  6 goblins
  4 hobgoblins
  11 jackals
  8 quokkas
  3 training dummies (D:6)
  2 ball pythons
  3 bats
  3 frilled lizards
  11 kobolds
  20 rats
269 creatures vanquished.

Vanquished Creatures (others)
  8 plants
8 creatures vanquished.

Grand Total: 277 creatures vanquished

Notes
Turn   | Place    | Note
-------+----------+-------------------------------------------
     0 | D:1      | Tirrikindir the Troll Fighter began the quest for the Orb.
     0 | D:1      | Reached XP level 1. HP: 22/22 MP: 0/0
   633 | D:1      | Found Zisicyn's Armour Shop.
   723 | D:2      | Reached XP level 2. HP: 19/29 MP: 1/1
   760 | D:2      | Reached XP level 3. HP: 27/36 MP: 2/2
   925 | D:2      | Reached skill level 3 in Unarmed Combat
   936 | D:2      | Noticed Terence
   951 | D:2      | Killed Terence
   952 | D:2      | Reached XP level 4. HP: 15/44 MP: 3/3
  1379 | D:3      | Found a sparkling altar of Nemelex Xobeh.
  1526 | D:3      | Reached XP level 5. HP: 52/52 MP: 4/4
  1806 | D:3      | Reached skill level 1 in Stealth
  2045 | D:4      | Reached skill level 4 in Unarmed Combat
  2045 | D:4      | Reached XP level 6. HP: 61/61 MP: 5/5
  2205 | D:4      | Reached skill level 1 in Evocations
  2341 | D:4      | Found an ancient bone altar of Kikubaaqudgha.
  2341 | D:4      | Found a blossoming altar of Fedhas.
  2508 | D:4      | Identified the ring of Roni {rN+ EV+4}
  2811 | D:5      | Entered Level 5 of the Dungeon
  2811 | D:5      | Noticed Eustachio
  2849 | D:5      | Killed Eustachio
  2850 | D:5      | Reached XP level 7. HP: 42/67 MP: 6/6
  2862 | D:5      | Found a glowing silver altar of Zin.
  2862 | D:5      | Found a bloodstained altar of Trog.
  2875 | D:5      | Noticed Grinder
  2880 | D:5      | Paralysed by Grinder for 7 turns
  2949 | D:5      | Killed Grinder
  2950 | D:5      | Reached skill level 5 in Unarmed Combat
  3212 | D:5      | Found Erphead's Jewellery Shop.
  3495 | D:5      | Found a snail-covered altar of Cheibriados.
  3628 | D:5      | Became a worshipper of Trog the Wrathful
  3651 | D:6      | Found a radiant altar of Vehumet.
  3667 | D:6      | Reached XP level 8. HP: 41/78 MP: 7/7
  3818 | D:6      | Noticed a komodo dragon
  3831 | D:6      | Reached skill level 6 in Unarmed Combat
  3838 | D:6      | HP: 3/78 [ogre/+0 giant spiked club (20)]
  3998 | D:6      | Noticed Duvessa
  4001 | D:6      | Noticed Dowan
  4005 | D:6      | Killed Duvessa
  4006 | D:6      | Reached skill level 1 in Armour
  4007 | D:6      | Killed Dowan
  4087 | D:6      | Found a hazy altar of Hepliaklqana.
  4183 | D:6      | Found Bakia's Firing Range.
  4391 | D:6      | Killed a komodo dragon
  4392 | D:6      | Reached skill level 7 in Unarmed Combat
  4392 | D:6      | Reached XP level 9. HP: 85/85 MP: 8/8
  4436 | D:7      | Reached * piety under Trog
  4560 | D:7      | Found a staircase to the Ecumenical Temple.
  4571 | Temple   | Entered the Ecumenical Temple
  4757 | D:7      | Noticed Menkaure
  4763 | D:7      | Killed Menkaure
  4871 | D:7      | Reached skill level 5 in Fighting
  4871 | D:7      | Reached skill level 8 in Unarmed Combat
  5023 | D:7      | Found an iron altar of Okawaru.
  5080 | D:7      | Reached skill level 9 in Unarmed Combat
  5702 | D:8      | Reached ** piety under Trog
  5770 | D:8      | Found a sacrificial altar of Ru.
  6110 | D:8      | Reached skill level 10 in Unarmed Combat
  6322 | D:9      | Noticed Pikel
  6328 | D:9      | Killed Pikel
  6329 | D:9      | Reached XP level 10. HP: 91/98 MP: 9/9
  6548 | D:9      | Found a transporter.
  6550 | D:9      | Noticed an oklob plant
  6558 | D:9      | Noticed a two-headed ogre
  6572 | D:9      | Noticed a cyclops
  6572 | D:9      | Noticed Lance11888's ghost (novice HOFi)
  6638 | D:9      | Found a transporter.
  6990 | D:9      | Noticed Grum
  7007 | D:9      | Killed Grum
  7542 | D:9      | Noticed a two-headed ogre
  7550 | D:9      | Killed a two-headed ogre
  7551 | D:9      | Reached skill level 5 in Dodging
  7551 | D:9      | Reached skill level 5 in Shields
  7767 | D:10     | Entered Level 10 of the Dungeon
  7884 | D:10     | Reached XP level 11. HP: 107/107 MP: 10/10
  8027 | D:10     | Noticed Erolcha
  8053 | D:10     | Killed Erolcha
  8185 | D:10     | Reached *** piety under Trog
  8535 | D:10     | Noticed a two-headed ogre
  8550 | D:10     | Killed a two-headed ogre
  8841 | D:10     | Noticed a two-headed ogre
  8850 | D:10     | Killed a two-headed ogre
  9207 | D:11     | Noticed a two-headed ogre
  9228 | D:11     | Killed a two-headed ogre
  9379 | D:11     | Reached XP level 12. HP: 102/119 MP: 11/11
  9418 | D:11     | Noticed a boulder beetle
  9433 | D:11     | Killed a boulder beetle
  9454 | D:11     | HP: 2/119 [killer bee (7)]
  9454 | D:11     | Slain by a troll

Illustrated notes

Levels and vault maps discovered:
D:1:      dpeg_arrival_refuge, layout_loops_ring, serial_shops, shop_statue
D:2:      layout_basic, uniq_terence
D:3:      kennysheep_big_flooded_room, layout_basic,
          nemelex_xobeh_ov_fountains_minmay, minmay_rat_hole
D:4:      layout_loops_ring, grunt_temple_overflow_growth_and_decay,
          hangedman_abyss_or_decor_passed, grunt_ministairs_8,
          kennysheep_generic_room_10
D:5:      layout_loops_ring, mainiacjoe_overflow_alcove_4, jmf_multi_god_temple,
          serial_shops, nicolae_shop_waterfront, corexii_hall_statues_i,
          uniq_grinder, uniq_eustachio
D:6:      layout_loops_ring, old_standard_altar, fiery_altar_vehumet,
          nicolae_shop_firing_range, uniq_duvessa
D:7:      layout_loops_corners, okawaru_humans, temple_green, uniq_menkaure
D:8:      layout_basic, nicolae_ru_great_annihilating_truth, chequers_garden
D:9:      layout_loops_corners, nzn_ghost_randoct, serial_co_window_serial,
          co_window_paths_b, co_window_paths_b, co_window_paths_b,
          co_window_corner_a, co_window_cross_1, co_window_corner_a,
          co_window_corner_a, co_window_corner_b, co_window_broadway_c,
          co_window_broadway_b, co_window_cross_4, co_window_2corner,
          co_window_paths_e, glass_columns_b, glass_columns_a, glass_columns_a,
          glass_columns_a, uniq_pikel, uniq_grum
D:10:     minmay_s_stair_smasher, layout_stronghold, kennysheep_nondescript,
          uniq_erolcha
D:11:     layout_gridville, david_lair_generic, erik_orc_2
Temple:   ebering_untended_altars

Skill      XL: |  1  2  3  4  5  6  7  8  9 10 11 12 |
---------------+-------------------------------------+-----
Unarmed Combat | 3 4 5 7 10 | 10.8
Dodging        | 3 4 5 6 |  6.4
Fighting       | 3 4 6 7 |  7.9
Stealth        | 1 2 3 4 |  4.3
Shields        | 3 4 5 6 |  6.4
Evocations     | 1 2 3 4 |  4.3
Armour         | 2 3 4 |  4.0

Action                   |  1- 3 |  4- 6 |  7- 9 | 10-12 || total
-------------------------+-------+-------+-------+-------++-------
Melee: Unarmed           |    96 |   234 |   241 |   374 ||   945
Throw: Dart              |       |       |     7 |    10 ||    17
Invok: Berserk           |       |       |     1 |     6 ||     7
       Trog's Hand       |       |       |       |     1 ||     1
Evoke: Wand              |       |       |       |     2 ||     2
  Use: Scroll            |     6 |     4 |     7 |     4 ||    21
       Potion            |     2 |       |     1 |       ||     3
 Stab: Sleeping          |       |       |     3 |     1 ||     4
       Paralysed         |       |       |     1 |       ||     1
Armor: Robe              |    19 |    51 |    24 |    73 ||   167
       Skin              |     3 |       |       |       ||     3
Dodge: Dodged            |    23 |    95 |   103 |   264 ||   485
Block: Kite shield       |    27 |    75 |    92 |   284 ||   478
